 Dungeon Crawl Stone Soup version 0.23-a0-393-g6e9e0f2 (webtiles) character file.

251 galech the Chopper (level 5, -1/42 HPs)
             Began as a Demonspawn Fighter on Oct 31, 2018.
             Was an Initiate of Okawaru.
             Slain by a sky beast (4 damage)
             ... on level 4 of the Dungeon.
             The game lasted 00:03:19 (2763 turns).

galech the Chopper (Demonspawn Fighter)             Turns: 2763, Time: 00:03:21

Health: -1/42      AC: 12    Str: 21    XL:     5   Next: 88%
Magic:  0/5        EV:  5    Int: 10    God:    Okawaru [......]
Gold:   187        SH:  9    Dex: 13    Spells: 4/4 levels left

rFire    . . .     SeeInvis .   a - +0 war axe
rCold    . . .     Gourm    .   c - +0 shield
rNeg     . . .     Faith    .   n - +0 chain mail (curse)
rPois    .         Spirit   +   l - +0 helmet
rElec    .         Reflect  .   (no cloak)
rCorr    .         Harm     .   (no gloves)
MR       .....                  (no boots)
Stlth    ..........             (no amulet)
HPRegen  0.14/turn              (no ring)
MPRegen  0.09/turn              (no ring)

@: mighty
A: molten scales 1, powered by pain 1, magic shield
a: Renounce Religion


You were on level 4 of the Dungeon.
You worshipped Okawaru.
Okawaru was noncommittal.
You were hungry.

You visited 1 branch of the dungeon, and saw 4 of its levels.

You collected 187 gold pieces.

Inventory:

Hand Weapons
 a - a +0 war axe (weapon)
Armour
 c - a +0 shield (worn)
 l - a +0 helmet (worn)
 n - a cursed +0 chain mail (worn)
 p - a cursed +0 ring mail
Jewellery
 r - an uncursed ring of poison resistance {unknown}
Wands
 w - a wand of enslavement (6)
Scrolls
 g - 3 scrolls of magic mapping
 h - a scroll of fog
 i - a scroll of amnesia {unknown}
 k - 2 scrolls of noise {unknown}
 m - 3 scrolls of remove curse {unknown}
 q - 3 scrolls of teleportation {unknown}
 s - 4 scrolls of identify
Potions
 b - 2 potions of flight {unknown}
 e - a potion of mutation {unknown}
 j - a potion of ambrosia {unknown}
 o - a potion of heal wounds {unknown}
 t - a potion of agility {unknown}
 u - a potion of cancellation {unknown}
Comestibles
 f - 10 rations


   Skills:
 + Level 3.7 Fighting
 + Level 4.1 Axes
 + Level 3.4 Armour
 + Level 0.5 Dodging
 + Level 3.4 Shields


You had 4 spell levels left.
You didn't know any spells.
Your spell library was empty.

Dungeon Overview and Level Annotations

Branches:
Dungeon (4/15)
 Temple: D:4-7

Altars:
Dithmenos
Hepliaklqana
Okawaru


Innate Abilities, Weirdness & Mutations

You are partially covered in molten scales. (AC +2)
You sometimes gain a little power by taking damage.
When hurt, damage is shared between your health and your magic reserves.


Message History

You hit the sky beast.
The sky beast is severely wounded.
The sky beast flickers out of sight!
Deactivating autopickup; reactivate with Ctrl-A.
Something hits you.
* * * LOW HITPOINT WARNING * * *
Something shocks you.
* * * LOW HITPOINT WARNING * * *
You feel very mighty all of a sudden.
A sky beast appears from thin air!
Reactivating autopickup.
The sky beast hits you but does no damage.
You closely miss the sky beast.
The sky beast is severely wounded.
The sky beast flickers out of sight!
Deactivating autopickup; reactivate with Ctrl-A.
Something hits you.
* * * LOW HITPOINT WARNING * * *
Something shocks you.
You die...

#####....#'######..##
##.###+#....#####..###
.......'....#........#
.......#....#........#
.......#....#........#
#####+##....#..####.##
....##..####.#
.....#......#..
.....#..@...#...
...#..{...# ..
#+##..## ..# ..# ..#
###


There were no monsters in sight!

Vanquished Creatures
  A phantom (D:4)
  An orc priest (D:3)
  4 adders
  An ooze (D:2)
  A worm (D:2)
  3 dart slugs
  3 leopard geckos
  9 orcs
  3 bats
  6 giant cockroaches
  8 goblins
  10 hobgoblins
  3 jackals (D:1)
  A quokka (D:2)
  A ball python (D:1)
  7 frilled lizards
  5 kobolds
  3 rats
70 creatures vanquished.

Notes
Turn   | Place    | Note
-------+----------+-------------------------------------------
     0 | D:1      | galech the Demonspawn Fighter began the quest for the Orb.
     0 | D:1      | Reached XP level 1. HP: 18/18 MP: 1/1
   196 | D:1      | Gained mutation: You are partially covered in molten
                  | scales. (AC +2) [demonic ancestry]
   196 | D:1      | Reached XP level 2. HP: 20/24 MP: 2/2
   265 | D:1      | Reached skill level 2 in Axes
   404 | D:1      | Reached XP level 3. HP: 29/29 MP: 3/3
  1080 | D:2      | Found a hazy altar of Hepliaklqana.
  1317 | D:2      | Gained mutation: When hurt, damage is shared between your
                  | health and your magic reserves. [demonic ancestry]
  1317 | D:2      | Reached XP level 4. HP: 35/35 MP: 4/4
  1557 | D:2      | Reached skill level 3 in Axes
  1782 | D:3      | Found a shadowy altar of Dithmenos.
  1833 | D:3      | Found a faded altar of an unknown god.
  1855 | D:3      | Gained mutation: You sometimes gain a little power by
                  | taking damage. [demonic ancestry]
  1855 | D:3      | Reached XP level 5. HP: 23/41 MP: 5/5
  1862 | D:3      | Found an iron altar of Okawaru.
  1998 | D:3      | Became a worshipper of Warmaster Okawaru
  2524 | D:4      | Noticed a phantom
  2542 | D:4      | Killed a phantom
  2542 | D:4      | Reached skill level 4 in Axes
  2732 | D:4      | Noticed a sky beast
  2763 | D:4      | Slain by a sky beast

Vault maps used:
D:1:      dpeg_arrival_lava_temple_mockup
D:2:      lemuel_coloured_pillars_altar, first_ration
D:3:      nicolae_overflow_crystal_walls, lemuel_crystal_altar,
          chequers_ecumenical_altar_simple_redux
D:4:      lightli_temple_of_fire

Skill      XL: |  1  2  3  4  5 |
---------------+----------------+-----
Axes           | 2 3 4 |  4.1
Shields        | 3 |  3.4
Armour         | 3 |  3.4
Fighting       | |  3.7
Dodging        | |  0.5

Action                   |  1- 3 |  4- 6 || total
-------------------------+-------+-------++-------
Melee: War axe           |   143 |   132 ||   275
  Use: Scroll            |       |     2 ||     2
       Potion            |       |     1 ||     1
  Eat: Chunk             |     2 |     4 ||     6
Armor: Scale mail        |    51 |       ||    51
       Chain mail        |    33 |    79 ||   112
Dodge: Dodged            |    34 |    26 ||    60
Block: Shield            |    69 |    49 ||   118

Table legend:
 A = Non-vault XP
 B = Vault XP
 C = Vault XP percentage of total XP
 D = Non-vault monster count
 E = Vault monster count
 F = Vault count percentage of total count
                 A         B        C        D         E       F
            +---------+---------+-------+---------+---------+-------
      Total |     359 |       0 |   0.0 |      70 |       0 |   0.0
            +---------+---------+-------+---------+---------+-------
        D:1 |      55 |       0 |   0.0 |      27 |       0 |   0.0
        D:2 |      62 |       0 |   0.0 |      18 |       0 |   0.0
        D:3 |     105 |       0 |   0.0 |      19 |       0 |   0.0
        D:4 |     137 |       0 |   0.0 |       6 |       0 |   0.0
            +---------+---------+-------+---------+---------+-------
